 Dungeon Crawl Stone Soup version 0.24.0-124-g2791043dd8 (webtiles) character file.

Game seed: 14033646524839019465, levelgen mode: deterministic

543 Mesmaeker13 the Stinger (level 7, -17/41 HPs)
             Began as an Octopode Venom Mage on Feb 15, 2020.
             Was an Initiate of Sif Muna.
             Demolished by Menkaure (20 damage)
             ... on level 4 of the Dungeon.
             The game lasted 00:10:15 (6404 turns).

Mesmaeker13 the Stinger (Octopode Venom Mage)       Turns: 6404, Time: 00:10:16

Health: -17/41     AC:  8    Str:  7    XL:     7   Next: 27%
Magic:  12/12      EV: 14    Int: 27    God:    Sif Muna [......]
Gold:   405        SH:  0    Dex: 12    Spells: 10/13 levels left

rFire    + . .     SeeInvis .   w - +4 short sword "Kocevvar" {protect, +Blink Int+7 Stlth-}
rCold    . . .     Gourm    .   (no shield)
rNeg     + . .     Faith    .   (helmet restricted)
rPois    .         Spirit   .   n - amulet of rage
rElec    .         Reflect  .   d - ring of flight
rCorr    .         Harm     .   s - ring of positive energy
MR       .....                  y - ring of protection from fire
Stlth    ++........             (no ring)
HPRegen  0.13/turn              (no ring)
MPRegen  0.13/turn              (no ring)
                                (no ring)
                                (no ring)

@: about to teleport, protection aura
A: almost no armour, stealthy swim, amphibious, 8 rings, constrict 8, camouflage
1, gelatinous body 1
a: Renounce Religion, Evoke Blink, Evoke Berserk Rage, Evoke Flight


You were on level 4 of the Dungeon.
You worshipped Sif Muna.
Sif Muna was noncommittal.
You were not hungry.

You visited 2 branches of the dungeon, and saw 7 of its levels.

You collected 405 gold pieces.

Inventory:

Hand Weapons
 r - a cursed -3 whip
 u - a +2 dagger of protection
 v - the +3 halberd of the Slime-mould {elec, rF+}
   (You found it on level 4 of the Dungeon)

   Occasionally, upon striking a foe, it will discharge some electrical energy
   and cause terrible harm.
   It protects you from fire.
 w - the +4 short sword "Kocevvar" (weapon) {protect, +Blink Int+7 Stlth-}
   (You found it on level 6 of the Dungeon)

   It grants its wielder temporary protection when it strikes (+7 to AC).
   It affects your intelligence (+7).
   It lets you blink.
   It makes you less stealthy.
Missiles
 g - 26 poisoned darts (quivered)
Jewellery
 d - a ring of flight (left tentacle)
 n - an amulet of rage (around mantle)
 s - a ring of positive energy (right tentacle)
 y - a ring of protection from fire (on tentacle)
Scrolls
 a - 4 scrolls of amnesia {unknown}
 e - 4 scrolls of teleportation
 f - a scroll of noise {unknown}
 j - a scroll of blinking {unknown}
 k - 2 scrolls of enchant armour
 m - 3 scrolls of remove curse
Potions
 c - a potion of agility {unknown}
 h - 3 potions of ambrosia
 i - a potion of brilliance {unknown}
 l - a potion of heal wounds {unknown}
 o - a potion of invisibility {unknown}
 p - 3 potions of degeneration {unknown}
 q - 2 potions of haste {unknown}
 t - 2 potions of curing
 x - a potion of mutation {unknown}
 z - a potion of flight {unknown}
Comestibles
 b - 5 rations


   Skills:
 + Level 4.0 Dodging
 - Level 2.6 Stealth
 + Level 3.7 Spellcasting
 + Level 3.4 Conjurations
 + Level 2.0 Air Magic
 + Level 5.6 Poison Magic


You had 10 spell levels left.
You knew the following spells:

 Your Spells              Type           Power        Failure   Level  Hunger
a - Sting                 Conj/Pois      ####         1%          1    None
b - Poisonous Vapours     Pois/Air       ####..       2%          2    None

Your spell library contained the following spells:

 Spells                   Type           Power        Failure   Level  Hunger
 Mephitic Cloud           Conj/Pois/Air  ####....     5%          3    ##.....
 Olgreb's Toxic Radiance  Pois           #####...     9%          4    ####...
 Venom Bolt               Conj/Pois      ####......   34%         5    #####..
 Irradiate                Conj/Tmut      ##........   73%         5    #####..
 Hydra Form               Tmut           #.........   100%        6    #######
 Statue Form              Tmut/Erth      #........    100%        6    #######
 Dragon Form              Tmut           #.........   100%        7    #######


Dungeon Overview and Level Annotations

Branches:
Dungeon (6/15)             Temple (1/1) D:4

Altars:
Cheibriados
Gozag
Hepliaklqana
Kikubaaqudgha
Okawaru
Qazlal
Sif Muna
Trog
Vehumet

Annotations:
D:4 Menkaure


Innate Abilities, Weirdness & Mutations

You cannot wear most types of armour.
You are very stealthy in the water. (Stealth+)
You are amphibious.
You can wear up to eight rings at the same time.
You can use your tentacles to constrict eight enemies at once.
Your skin changes colour to match your surroundings (Stealth+).
Your rubbery body absorbs attacks. (AC +1, EV +1)


Message History

* * * LOW HITPOINT WARNING * * *
Menkaure closely misses you.
You climb upwards.
There is a stone staircase leading down here.
As you read the scroll of teleportation, it crumbles to dust.
You feel strangely unstable. Menkaure hits you.
* * * LOW HITPOINT WARNING * * *
Unknown command.
The phantom hits you.
* * * LOW HITPOINT WARNING * * *
You hit the phantom.
Your weapon exudes an aura of protection.
The phantom is lightly damaged.
Menkaure barely misses you.
The phantom hits you but does no damage.
You miss the phantom.
The phantom is lightly damaged.
Menkaure calls on the powers of darkness!
You feel a surge of unholy energy. Menkaure hits you!!
You die...

#############
##########.....M@W...############
............########...)......[.#
..#########.# #.##########.# #.#
#.# #.####### #.# #.#########.#
#.......# #.#
#.#.......#.########.#####.# #.#
#.#.......#..........# #.# #.#
#.#.......#.########.#####.####.#
#.#.........# #........(...#


You could see a phantom and Menkaure.

Vanquished Creatures
  A centaur (D:5)
  A bullfrog (D:5)
  2 scorpions
  A hound (D:2)
  An orc wizard (D:3)
  2 worker ants (D:4)
  2 gnolls
  9 adders
  A shadow imp (D:2)
  2 worms
  2 dart slugs
  2 leopard geckos
  3 orcs
  5 giant cockroaches
  11 goblins
  4 hobgoblins
  6 kobolds
  5 quokkas
  2 ball pythons
  6 bats
  6 frilled lizards
  2 leopard gecko skeletons
  8 rats
84 creatures vanquished.

Notes
Turn   | Place    | Note
-------+----------+-------------------------------------------
     0 | D:1      | Mesmaeker13 the Octopode Venom Mage began the quest for the
                  | Orb.
     0 | D:1      | Reached XP level 1. HP: 11/11 MP: 3/3
   769 | D:1      | Reached XP level 2. HP: 14/17 MP: 3/5
  1173 | D:1      | Reached skill level 4 in Poison Magic
  1420 | D:1      | Reached XP level 3. HP: 19/21 MP: 6/6
  1887 | D:2      | Reached XP level 4. HP: 15/27 MP: 2/8
  1891 | D:2      | Learned a level 2 spell: Poisonous Vapours
  2560 | D:2      | Reached XP level 5. HP: 31/31 MP: 9/9
  3947 | D:5      | Entered Level 5 of the Dungeon
  4053 | D:4      | Found a staircase to the Ecumenical Temple.
  4069 | Temple   | Entered the Ecumenical Temple
  4081 | Temple   | Became a worshipper of Sif Muna the Loreminder
  4168 | D:4      | Got a slimy halberd
  4169 | D:4      | Identified the +3 halberd of the Slime-mould {elec, rF+}
                  | (You found it on level 4 of the Dungeon)
  4252 | D:4      | Reached skill level 5 in Poison Magic
  4252 | D:4      | Reached XP level 6. HP: 27/36 MP: 7/10
  4475 | D:4      | Reached skill level 1 in Air Magic
  4914 | D:5      | Noticed a phantom
  5343 | D:5      | Found a radiant altar of Vehumet.
  5343 | D:5      | Found an ancient bone altar of Kikubaaqudgha.
  5787 | D:5      | Reached XP level 7. HP: 41/41 MP: 8/12
  6104 | D:6      | Noticed Menkaure
  6257 | D:6      | Got a crude short sword
  6263 | D:5      | Identified the +4 short sword "Kocevvar" {protect, +Blink
                  | Int+7 Stlth-} (You found it on level 6 of the Dungeon)
  6402 | D:4      | HP: 2/41 [phantom (2)]
  6404 | D:4      | Demolished by Menkaure

Levels and vault maps discovered:
D:1:      dpeg_arrival_stonehenge_8_columns, layout_loops_ring,
          minmay_three_crescents
D:2:      minmay_spotlight, layout_basic, corexii_item_surrounded_by_moat,
          minmay_tromino_i4
D:3:      layout_basic, first_ration
D:4:      layout_loops_ring, minmay_temple_entry_junction
D:5:      layout_cave_pods, gammafunk_temple_overflow_elements
D:6:      layout_loops_ring, lemuel_angel_altar, uniq_menkaure
Temple:   eino_temple_rhombus

Skill      XL: |  1  2  3  4  5  6  7 |
---------------+----------------------+-----
Poison Magic   | 4 5 |  5.6
Conjurations   | 2 3 |  3.4
Dodging        | 3 4 |  4.0
Spellcasting   | 3 |  3.7
Air Magic      | 1 2 |  2.0
Stealth        | |  2.6

Action                   |  1- 3 |  4- 6 |  7- 9 || total
-------------------------+-------+-------+-------++-------
Melee: Unarmed           |    19 |       |       ||    19
       Constrict         |    11 |    21 |       ||    32
       Tentacles         |     6 |    11 |       ||    17
       Dagger            |    26 |    24 |       ||    50
       Spear             |    11 |    36 |       ||    47
       Halberd           |       |    18 |     3 ||    21
       Short sword       |       |       |     2 ||     2
Throw: Dart              |       |     2 |       ||     2
 Cast: Sting             |    19 |    16 |     2 ||    37
       Poisonous Vapours |       |    23 |     4 ||    27
  Use: Scroll            |       |     7 |     1 ||     8
 Stab: Sleeping          |     6 |    10 |       ||    16
       Distracted        |       |     1 |       ||     1
  Eat: Chunk             |     3 |    13 |     2 ||    18
Armor: Skin              |     8 |     2 |     1 ||    11
Dodge: Dodged            |    32 |    47 |    10 ||    89
